 Dungeon Crawl Stone Soup version 0.29.1-15-g9cfb28693d (webtiles) character file.

Game seed: 9752878698108496620

28 protoss039 the Digger (level 3, 26/26 HPs)
             Began as a Demonspawn Earth Elementalist on Mar 21, 2023.
             Got out of the dungeon alive.
             The game lasted 00:01:24 (1195 turns).

protoss039 the Digger (DsEE)                        Turns: 1195, Time: 00:01:25

Health: 26/26      AC:  7    Str:  8    XL:     3   Next: 0%
Magic:  6/6        EV: 10    Int: 18    God:
Gold:   55         SH:  0    Dex: 13    Spells: 6/7 levels left

rFire   . . .      SeeInvis .   i - +1 short sword (drain)
rCold   . . .      Faith    .   (no shield)
rNeg    . . .      Spirit   .   f - +0 ring mail
rPois   .          Reflect  .   (no helmet)
rElec   .          Harm     .   (no cloak)
rCorr   .          Rampage  .   (no gloves)
Will    .....                   (no boots)
Stlth   +.........              (no amulet)
HPRegen 0.08/turn               (no ring)
MPRegen 0.10/turn               (no ring)

@: no status effects
A: yellow scales 1, foul stench 1
a: no special abilities


You escaped.
You visited 1 branch of the dungeon, and saw 1 of its levels.

You collected 55 gold pieces.

Inventory:

Hand Weapons
 c - a +1 short sword of speed
 i - a +1 short sword of draining (weapon)
Missiles
 h - 6 poisoned darts
Armour
 f - a +0 ring mail (worn)
 g - a +0 pair of boots
Scrolls
 a - a scroll of butterflies {unknown}
 j - a scroll of identify {unknown}
 k - a scroll of magic mapping {unknown}
Potions
 b - a potion of magic
 d - a potion of flight {unknown}
 e - a potion of brilliance {unknown}
 l - a potion of haste {unknown}


   Skills:
 + Level 1.3 Fighting
 - Level 1.7 Dodging
 - Level 1.7 Stealth
 + Level 2.5 Spellcasting
 - Level 0.8 Transmutations
 + Level 3.1 Earth Magic


You had 6 spell levels left.
You knew the following spells:

 Your Spells              Type           Power      Damage    Failure   Level
a - Sandblast             Erth           26%        2d8       14%         1

Your spell library contained the following spells:

 Spells                   Type           Power      Damage    Failure   Level
 Passwall                 Tmut/Erth      7%         N/A       34%         2
 Stone Arrow              Conj/Erth      14%        3d7       63%         3
 Petrify                  Tmut/Erth      9%         N/A       93%         4


Dungeon Overview and Level Annotations

Branches:
Dungeon (1/15) Zot: 4789

Altars:


Innate Abilities, Weirdness & Mutations

You are partially covered in yellow scales. (AC +2)
You may rarely emit foul miasma when damaged in melee.


Message History

You hit the bat.
The bat is severely wounded.
The bat closely misses you.
A bat is nearby!
You hit the bat.
You kill the bat!
l - a bubbling amethyst potion No target in view!
You see here a bat corpse.
You see here a hobgoblin skeleton.
A ball python and a frilled lizard come into view.
Found a faded altar of an unknown god.
The frilled lizard hisses angrily.
The ball python hisses angrily.
There are monsters nearby!
There are monsters nearby!
You hit the frilled lizard. You drain the frilled lizard.
You kill the frilled lizard!
The ball python closely misses you. x2
A ball python is nearby!
You hit the ball python.
The ball python is severely wounded.
The ball python bites you but does no damage.
The ball python barely misses you.
A ball python is nearby!
You barely miss the ball python.
The ball python is severely wounded.
The ball python misses you. The ball python closely misses you.
A ball python is nearby!
You hit the ball python.
You kill the ball python!
You have reached level 3!
Your experience leads to an increase in your attributes!
Increase (S)trength, (I)ntelligence, or (D)exterity?
You feel clever. x2; Your demonic ancestry asserts itself...
You begin to emit a foul stench of rot and decay.
You enter the shallow water.
Moving in this stuff is going to be slow.
There is a staircase leading out of the dungeon here.
Are you sure you want to leave the Dungeon?
This will make you lose the game!
You have escaped!

#.###.##..##
#≈≈≈~~~.≈≈≈≈#.#
#.##..#
#≈≈~~...≈≈≈≈#.#
#.##..##
#≈~.~....≈≈≈#.#
#.##....
#≈~~.....≈≈≈#.#
#.....##
#~~...~...~~#.#
#####...
#≈...~~~...≈#
..#...
#≈≈.~≈≈~..~~#
#.#..#
#~..~~~@~..~#
#.#...
#..~~.≈≈~..~#
#.#.##
#....≈≈≈~~.##
#.#...
#.~≈≈≈≈≈≈~..#.#
#.#.##.#
#.~≈.≈~~≈~..#.#
#......#
#..~~.≈..~~.#.#
###.####
#...~.~.~~..#.#
...#...
#....~.~~...#.#
#####.##
##..~.........#
#.##


There were no monsters in sight!

Vanquished Creatures
  A dart slug (D:1)
  5 endoplasms (D:1)
  3 giant cockroaches (D:1)
  2 hobgoblins (D:1)
  A quokka (D:1)
  2 ball pythons (D:1)
  3 bats (D:1)
  A frilled lizard (D:1)
  3 kobolds (D:1)
  3 rats (D:1)
24 creatures vanquished.

Notes
Turn   | Place    | Note
-------+----------+-------------------------------------------
     0 | D:1      | protoss039 the Demonspawn Earth Elementalist began the
                  | quest for the Orb.
     0 | D:1      | Reached XP level 1. HP: 13/13 MP: 3/3
   411 | D:1      | Gained mutation: You are partially covered in yellow
                  | scales. (AC +2) [demonic ancestry]
   411 | D:1      | Reached XP level 2. HP: 20/20 MP: 5/5
   484 | D:1      | Reached skill level 1 in Fighting
   536 | D:1      | Reached skill level 3 in Earth Magic
  1098 | D:1      | Found a faded altar of an unknown god.
  1104 | D:1      | Gained mutation: You may rarely emit foul miasma when
                  | damaged in melee. [demonic ancestry]
  1104 | D:1      | Reached XP level 3. HP: 26/26 MP: 6/6
  1195 | D:$      | Got out of the dungeon alive.

Illustrated notes

Levels and vault maps discovered:
D:1:      dpeg_arrival_more_subterranean_lakeside_camping, layout_basic,
          hellmonk_ecumenical_altar_run_dry, kennysheep_doodads,
          minmay_tetromino_i2

Skill      XL: |  1  2 |
---------------+-------+-----
Fighting       | 1 |  1.3
Earth Magic    | 3 |  3.1
Dodging        | |  1.7
Stealth        | |  1.7
Spellcasting   | |  2.5
Transmutations | |  0.8

Action                   || total
-------------------------++-------
Melee: Unarmed           ||    14
       Short sword       ||    33
 Cast: Sandblast         ||    25
 Stab: Sleeping          ||     2
Armor: Robe              ||    16
       Ring mail         ||    26
Dodge: Dodged            ||    66
